 Seeded DCSS version 0.29.1-13-g9f3cf754e1 (webtiles) character file.

Game seed: 16245865983455551772 (custom seed)

4 OTABOTABOTAB the Shooter (level 1, 14/14 HPs)
             Began as an Octopode Hunter on Jan 24, 2023.
             Quit the game on level 1 of the Dungeon.
             The game lasted 00:00:27 (194 turns).

OTABOTABOTAB the Shooter (Octopode Hunter)           Turns: 194, Time: 00:00:27

Health: 14/14      AC:  1    Str: 10    XL:     1   Next: 60%
Magic:  1/1        EV: 13    Int: 11    God:
Gold:   0          SH:  0    Dex: 15    Spells: 0/0 levels left

rFire   . . .      SeeInvis .   a - +0 shortbow
rCold   . . .      Faith    .   (shield currently unavailable)
rNeg    . . .      Spirit   .   (helmet restricted)
rPois   .          Reflect  .   (no amulet)
rElec   .          Harm     .   (no ring)
rCorr   .          Rampage  .   (no ring)
Will    .....                   (no ring)
Stlth   +++.......              (no ring)
HPRegen 0.04/turn               (no ring)
MPRegen 0.07/turn               (no ring)
                                (no ring)
                                (no ring)

@: no status effects
A: almost no armour, amphibious, 8 rings, camouflage 1, gelatinous body 1,
(nimble swimmer 1), tentacles
a: no special abilities


You were on level 1 of the Dungeon.
You visited 1 branch of the dungeon, and saw 1 of its levels.

Inventory:

Hand Weapons
 a - a +0 shortbow (weapon)
Jewellery
 c - the ring of Higul {rF+ rCorr Int+4 Dex+4}
   (You acquired it on level 1 of the Dungeon)

   [ring of resist corrosion]

   Int:       It affects your intelligence (+4).
   Dex:       It affects your dexterity (+4).
   rF:        It protects you from fire.
   rCorr:     It protects you from acid and corrosion.
 d - the amulet of Rati {RegenMP Will- Str+6 Dex+7}
   (You acquired it on level 1 of the Dungeon)

   [amulet of magic regeneration]

   It increases your rate of magic regeneration.
   Str:       It affects your strength (+6).
   Dex:       It affects your dexterity (+7).
   Will:      It decreases your willpower.
Scrolls
 K - a scroll of immolation {!r}


   Skills:
 + Level 2.1 Fighting
 + Level 4.0 Ranged Weapons
 + Level 2.1 Dodging
 + Level 1.6 Stealth


You couldn't memorise any spells.
You didn't know any spells.
Your spell library was empty.

Dungeon Overview and Level Annotations

Branches:
Dungeon (1/15)

Altars:


Innate Abilities, Weirdness & Mutations

You cannot wear most types of armour.
You are amphibious.
You can wear up to eight rings at the same time.
Your skin changes colour to match your surroundings (Stealth+).
Your rubbery body absorbs attacks. (AC +1, EV +1)
((You are camouflaged when in or above water. (Stealth+)))
You have tentacles for arms and can constrict up to eight enemies at once.


Message History

Bad channel name for runrest: 'Jiyva says: Divide and consume' Welcome, OTABOTABOTAB the Octopode Hunter.
Game seed: 16245865983455551772 (custom seed)
Found a sling.
Found a staircase leading out of the dungeon.
Found an escape hatch in the floor.
Found an escape hatch in the floor.
A goblin comes into view. It is wielding a +0 dagger.
You shoot an arrow. The arrow hits the goblin!
You kill the goblin!
No target in view!
No target in view!
No target in view!
A quokka comes into view.
You shoot an arrow. The arrow closely misses the quokka.
You shoot an arrow. The arrow closely misses the quokka.
The quokka barely misses you.
You shoot an arrow. The arrow barely misses the quokka.
The quokka bites you.
You take 1 damage, and have 13/14 hp.
You shoot an arrow. The arrow misses the quokka.
The quokka misses you. The quokka bites you.
You take 2 damage, and have 11/14 hp.
You shoot an arrow. The arrow closely misses the quokka.
The quokka closely misses you.
You shoot an arrow. The arrow hits the quokka.
The quokka bites you. The quokka completely misses you.
You take 3 damage, and have 8/14 hp.
MASSIVE DAMAGE!!
Fire: a) +0 shortbow
Aim: a quokka (lightly wounded, 51% to hit)
You shoot an arrow. The arrow hits the quokka.
You kill the quokka!
Unknown command.
An endoplasm comes into view.
Health restored: 14 You shoot an arrow.
The arrow hits the endoplasm!
You kill the endoplasm!
No target in view!
No target in view!
b - 3 scrolls labelled WAC GOIFOFITOUPLEC This is a scroll of acquirement!
Something appears before you!
c - the ring of Higul {rF+ rCorr Int+4 Dex+4} Something appears before you!
d - the amulet of Rati {RegenMP Will- Str+6 Dex+7} You see here a manual of Axes.
Something appears before you!
Unknown command.

# .# #.#
######..###
#.@........
.......#..#.....
#.##...#..# ...
#...###.## #
#... #..# ...#
#..# ##.## ....
#..#). #..#
....#
#.##...##.##
....# #....
#..#.....#


There were no monsters in sight!

Vanquished Creatures
  An endoplasm (D:1)
  A goblin (D:1)
  A quokka (D:1)
3 creatures vanquished.

Notes
Turn   | Place    | Note
-------+----------+-------------------------------------------
     0 | D:1      | OTABOTABOTAB the Octopode Hunter began the quest for the
                  | Orb.
     0 | D:1      | Reached XP level 1. HP: 14/14 MP: 1/1
   189 | D:1      | Identified 3 scrolls of acquirement
   189 | D:1      | Acquired the ring of Higul {rF+ rCorr Int+4 Dex+4}
   191 | D:1      | Acquired the amulet of Rati {RegenMP Will- Str+6 Dex+7}
   193 | D:1      | Acquired a manual of Axes
   194 | D:1      | Quit the game

Illustrated notes

Levels and vault maps discovered:
D:1:      minmay_arrival_hallway, layout_loops_corners, basic_ecumenical_altar,
          minmay_unequal

Action                   || total
-------------------------++-------
 Fire: Shortbow          ||     9
  Use: Scroll            ||     3
Dodge: Dodged            ||     4

Table legend: (Time is in decaauts)
 A = Elapsed time spent in this place.
 B = Non-inter-level travel time spent in this place.
 C = Inter-level travel time spent in this place.
 D = Time resting spent in this place.
 E = Time spent auto-exploring this place.
 F = Levels seen in this place.
 G = Mean time per level.
                   A        B        C        D        E       F      G
               +--------+--------+--------+--------+--------+-----+--------+
         Total |    196 |    196 |      0 |      0 |    174 |   1 |  196.0 |
       Dungeon |    196 |    196 |      0 |      0 |    174 |   1 |  196.0 |
               +--------+--------+--------+--------+--------+-----+--------+

Top non-repeatable levels by time:
     D:1: 196 daAuts

Table legend:
 A = Kills in this place as a percentage of kills in entire the game.
 B = Kills by you in this place as a percentage of kills by you in the entire game.
 C = Kills by friends in this place as a percentage of kills by friends in the entire game.
 D = Other kills in this place as a percentage of other kills in the entire game.
 E = Experience gained in this place as a percentage of experience gained in the entire game.
 F = Experience gained in this place divided by the number of levels of this place that you have seen.
                   A       B       C       D       E      F
               +-------+-------+-------+-------+-------+----------------------
         Total | 100.0 | 100.0 |   N/A |   N/A | 100.0 |   6.0
       Dungeon | 100.0 | 100.0 |   N/A |   N/A | 100.0 |   6.0
               +-------+-------+-------+-------+-------+----------------------
